 Dungeon Crawl Stone Soup version 0.31-a0-988-g08d55dae12 (webtiles) character file.

Game seed: 4727547270686216057

73107 Conn the Nimble (level 15, -1/87 HPs)
             Began as an Octopode Fire Elementalist on Nov 5, 2023.
             Was a High Priest of Sif Muna.
             Slain by a polar bear (26 damage)
             ... while paralysed by a hornet
             ... on level 5 of the Lair of Beasts.
             The game lasted 01:25:48 (20127 turns).

Conn the Nimble (Octopode Fire Elementalist)       Turns: 20127, Time: 01:25:49

Health: -1/87      AC:  1    Str: 18    XL:     15   Next: 42%
Magic:  14/29      EV:  2    Int: 23    God:    Sif Muna [*****.]
Gold:   894        SH:  0    Dex: 20    Spells: 3/35 levels left

rFire   + + .        L - staff of fire
rCold   . . .        R - +2 kite shield {rC+}
rNeg    + + .        (helmet restricted)
rPois   +            b - amulet of magic regeneration
rElec   .            P - ring of the Past {Wiz *Corrode rPois rN+ Str+4}
rCorr   .            S - ring of see invisible
SInv    +            u - +6 ring of dexterity
Will    +....        x - +5 ring of evasion
Stlth   ++++++       H - ring of positive energy
HPRegen 0.34/turn    t - +6 ring of strength
MPRegen 0.61/turn    O - ring of wizardry
                     e - ring of fire

%: corrode self (3%), wizardry (x2)
@: paralysed, channelling, studying 2 skills
A: almost no armour, amphibious, 8 rings, camouflage 1, gelatinous body 1,
(nimble swimmer 1), tentacles
a: Renounce Religion, Channel Magic, Forget Spell, Divine Exegesis


You were on level 5 of the Lair of Beasts.
You worshipped Sif Muna.
Sif Muna was extremely pleased with you.
You visited 3 branches of the dungeon, and saw 18 of its levels.
You also visited: Ice Cave.

You collected 1314 gold pieces.
You spent 420 gold pieces at shops.

Inventory:

Hand Weapons
 f - a +1 short sword of protection
Missiles
 r - 2 throwing nets
 y - 6 curare-tipped darts (quivered)
Armour
 N - a +0 tower shield of protection
 R - a +2 kite shield of cold resistance (worn)
Magical Staves
 z - a staff of poison
 J - a staff of cold
 L - a staff of fire (weapon)
Jewellery
 b - an amulet of magic regeneration (around mantle)
 c - the amulet "Juokakat" {rN++ Regen+ MP+9 Int-5 SInv}
   (You found it on level 11 of the Dungeon)

   [amulet of regeneration]

   Int-5:     It affects your intelligence (-5).
   rN++:      It greatly protects you from negative energy.
   MP+9:      It affects your magic capacity (+9).
   SInv:      It lets you see invisible.
   Regen+:    It increases your rate of health regeneration.
 e - a ring of fire (on tentacle)
 s - a ring of poison resistance
 t - a +6 ring of strength (on tentacle)
 u - a +6 ring of dexterity (on tentacle)
 x - a +5 ring of evasion (on tentacle)
 H - a ring of positive energy (on tentacle)
 O - a ring of wizardry (on tentacle)
 P - the ring of the Past (left tentacle) {Wiz *Corrode rPois rN+ Str+4}
   (You found it in an ice cave)

   [ring of wizardry]

   Wiz:       It improves your spell success rate.
   Str+4:     It affects your strength (+4).
   rPois:     It protects you from poison rN+: It protects you from negative
   energy.
   *Corrode:  It may corrode you when you take damage.
 S - a ring of see invisible (right tentacle)
 T - the amulet of Sulokel {rPois rN++ Regen+}
   (You found it in an ice cave)

   [amulet of regeneration]

   rPois:     It protects you from poison rN++: It greatly protects you from
   negative energy.
   Regen+:    It increases your rate of health regeneration.
Talismans
 M - a serpent talisman
Wands
 k - a wand of flame (26)
 w - a wand of digging (4)
 A - a wand of mindburst (31)
 G - a wand of polymorph (11)
 K - a wand of paralysis (4)
 Q - a wand of acid (8)
Scrolls
 j - a scroll of revelation
 m - a scroll of amnesia
 n - 3 scrolls of fear
 p - a scroll of summoning
 q - 12 scrolls of teleportation
 v - 3 scrolls of poison
 D - a scroll of fog
 F - 2 scrolls of blinking
 I - 2 scrolls of enchant armour
 W - 2 scrolls of identify
Potions
 d - 3 potions of brilliance
 g - 3 potions of curing
 h - a potion of ambrosia
 i - 3 potions of enlightenment
 l - 5 potions of cancellation
 o - a potion of attraction
 B - 5 potions of mutation
 C - 4 potions of heal wounds
 E - a potion of might
Miscellaneous
 a - a phantom mirror
 U - a lightning rod (3/4)
 V - a sack of spiders


   Skills:
 * Level 2.9 Fighting
 * Level 4.3 Staves
 - Level 13.0 Dodging
 - Level 10.0 Stealth
 * Level 8.5 Shields
 * Level 10.9 Spellcasting
 + Level 10.7 Conjurations
 - Level 5.0 Hexes
 - Level 6.0 Summonings
 - Level 5.0 Translocations
 - Level 5.0 Transmutations
 + Level 8.9 Fire Magic
 - Level 6.1 Air Magic
 * Level 10.4 Invocations


You had 3 spell levels left.
You knew the following spells:

 Your Spells              Type           Power      Damage    Failure   Level
a - Foxfire               Conj/Fire      100%       2x1d9     1%          1
b - Scorch                Fire           100%       2d9       1%          2
c - Inner Flame           Hex/Fire       79%        N/A       1%          3
d - Flame Wave            Conj/Fire      92%        2d19      1%          4
e - Sticky Flame          Conj/Fire      92%        2d10      1%          4
f - Irradiate             Conj/Tmut      24%        3d19      3%          5
g - Iskenderun's Mystic   Conj/Tloc      48%        2d11      1%          4
h - Summon Lightning Spi  Summ/Air       40%        N/A       2%          4
i - Blink                 Tloc           70%        N/A       1%          2
j - Hailstorm             Conj/Ice       37%        3d9       1%          3

Your spell library contained the following spells:

 Spells                   Type           Power      Damage    Failure   Level
 Kiss of Death            Conj/Necr      100%       2d13      1%          1
 Slow                     Hex            100%       N/A       1%          1
 Static Discharge         Conj/Air       100%       3-8/arc   1%          2
 Wereblood                Tmut           35%        N/A       1%          2
 Confusing Touch          Hex            35%        N/A       1%          3
 Dazzling Flash           Conj/Hex       96%        N/A       1%          3
 Ignite Poison            Fire/Tmut/Pois 66%        N/A       1%          3
 Sigil of Binding         Hex            35%        N/A       1%          3
 Volatile Blastmotes      Fire/Tloc      100%       2d18      1%          3
 Vampiric Draining        Necr           12%        2d6       9%          3
 Fulminant Prism          Conj/Hex       24%        3d12      1%          4
 Iskenderun's Battlesphe  Conj           58%        2d11      1%          5
 Manifold Assault         Tloc           35%        N/A       4%          4
 Passage of Golubria      Tloc           35%        N/A       4%          4
 Summon Ice Beast         Ice/Summ       26%        N/A       9%          4
 Silence                  Hex/Air        19%        N/A       9%          5
 Summon Mana Viper        Hex/Summ       37%        N/A       9%          5
 Yara's Violent Unravell  Hex/Tmut       17%        3d8       11%         5
 Dispel Undead            Necr           12%        3d9       28%         4
 Orb of Destruction       Conj           29%        9d9       28%         7
 Lee's Rapid Deconstruct  Erth           6%         3d6*      58%         5
 Discord                  Hex            17%        N/A       100%        8
 Infestation              Necr           6%         N/A       100%        8
 Lehudib's Crystal Spear  Conj/Erth      18%        10d6      100%        8
 Chain Lightning          Conj/Air       25%        3d33      100%        9
 Fire Storm               Conj/Fire      46%        8d12      100%        9
 Shatter                  Erth           6%         3d9*      100%        9
 Animate Armour           Summ/Erth      Unusable   N/A       N/A         4

Dungeon Overview and Level Annotations

Branches:
Dungeon (12/15)            Temple (1/1) D:6            Lair (5/5) D:9
 Shoals (0/4) Lair:2       Spider (0/4) Lair:2        Slime (0/5) Lair:4
    Orc (0/2) D:10          IceCv (visited)

Altars:
Ashenzari
Cheibriados
Dithmenos
Elyvilon
Fedhas
Gozag
Hepliaklqana
Kikubaaqudgha
Makhleb
Nemelex Xobeh
Okawaru
Qazlal
Ru
Sif Muna
Trog
Uskayaw
Vehumet
Wu Jian
Xom
Yredelemnul
Zin
The Shining One
Jiyva

Shops:
D:4 :   D:10 *   D:11 ?


Innate Abilities, Weirdness & Mutations

You cannot wear most types of armour.
You are amphibious.
You can wear up to eight rings at the same time.
Your skin changes colour to match your surroundings (Stealth+).
Your rubbery body absorbs attacks. (AC +1, EV +1)
((You are camouflaged when in or above water. (Stealth+)))
You have tentacles for arms and can constrict up to eight enemies at once.


Message History

The elephant is knocked back by the mystic blast.
The mystic blast hits the komodo dragon!
The komodo dragon is almost dead.
The komodo dragon is knocked back by the mystic blast.
The komodo dragon collides with the hornet!
The hornet is moderately wounded.
You kill the komodo dragon!
Sif Muna accepts your kill.
The mystic blast hits the harpy!
The harpy is heavily wounded.
The harpy is knocked back by the mystic blast.
The harpy collides with the plant!
The plant begins to die.
The plant is lightly damaged.
The harpy is severely wounded.
The mystic blast hits the fungus!
The fungus is moderately damaged.
A nearby fungus withers and dies.
Unknown command.
Unknown command.
Unknown command.
Casting: Iskenderun's Mystic Blast (mildly dangerous; 1% risk of failure)
Confirm with . or Enter, or press ? or * to list all spells.
Casting: Flame Wave (mildly dangerous; 1% risk of failure)
Press: ? - help, Dir - look around, f - activate You feel a strong surge of power!
A wave of flame ripples out!
The flame wave engulfs the harpy!!
You kill the harpy!
Sif Muna accepts your kill. (Press . to intensify the flame waves.)
The polar bear goes berserk!
A wave of flame ripples out!
The flame wave engulfs the hornet!
The hornet is severely wounded.
The flame wave engulfs the elephant!!
The elephant is severely wounded.
A sea snake comes into view.
The hornet stings you!
You suddenly lose the ability to move!
The hornet stings you!
* * * LOW HITPOINT WARNING * * *
The polar bear bites you!!
You die...

~P#~.~....†.......P.....
#~~#...................
~~~~##~~..#.....#.......H.
~8§§~~~.~.##................
~.~~~~~~....$.........%.PP..
~~~#~##....P.......P.....PPP
~#.# #......#..............
~. ~.P........†..........
~.........@y..†.S....#
.~P.......hY.........#
#~.....P...t...#.#....
~...P.........#......
.....P...#..........
.#.................
................P..
............#...#..
...........#.# .


You could see an elephant, a sea snake, a snapping turtle, a polar bear
(berserk) and a hornet.

Vanquished Creatures
  The ghost of Tyvach the Blocker, a journeyman FoFi (Lair:3)
  The ghost of njkz123 the Fighter, a journeyman OgMo of Okawaru (D:9)
  Josephine (D:10)
  Fannar (D:10)
  4 hydras
  A merfolk avatar (Lair:5)
  2 ironbound frosthearts (IceCv)
  2 two-headed ogres (D:10)
  4 death yaks (IceCv)
  A boulder beetle (D:11)
  Urug (D:12)
  5 skysharks
  Lodul (D:12)
  A spectral hydra (Lair:3)
  A deep elf pyromancer (D:12)
  A harpy (Lair:5)
  A wolf spider (Lair:2)
  2 manticores
  An oklob plant (Lair:3)
  3 cyclopes
  10 elephants
  Maurice (D:12)
  5 black mambas
  An ice statue (IceCv)
  2 gargoyles
  A torpor snail (Lair:1)
  19 cane toads
  3 rime drakes
  14 komodo dragons
  A merfolk (Lair:2)
  A queen bee (Lair:2)
  14 polar bears (IceCv)
  3 trolls
  A snapping turtle (Lair:5)
  3 hornets (Lair:5)
  15 blink frogs
  16 dream sheep
  A spectral black mamba (Lair:3)
  3 slime creatures (D:12)
  2 shadows
  9 wyverns
  A ynoxinul (D:9)
  60 yaks
  6 wraiths
  2 spectral komodo dragons (Lair:3)
  A culicivora (Lair:2)
  2 steam dragons (D:6)
  7 basilisks
  A spectral fire crab (Lair:3)
  3 vampire mosquitoes (D:11)
  3 wargs (D:10)
  2 acid dragons
  A hydra simulacrum (Lair:3)
  4 orc warriors
  19 water moccasins
  3 ice beasts
  2 sky beasts
  A boulder beetle simulacrum (Lair:3)
  10 ogres
  A black bear (Lair:1)
  A black mamba simulacrum (Lair:3)
  13 centaurs
  26 wolves
  A phantom (D:4)
  7 kobold brigands
  9 bullfrogs
  2 gnoll sergeants
  A scorpion (D:4)
  7 wights
  46 killer bees
  3 howler monkeys
  2 electric eels (Lair:1)
  8 hounds
  4 jellies
  2 gnoll boudas
  Crazy Yiuf (D:2)
  6 orc priests
  2 sleepcaps
  Natasha (thrice) (D:2)
  2 iguanas (D:5)
  5 orc wizards
  Robin (D:2)
  18 gnolls
  5 adders
  A shadow imp (D:7)
  A white imp (D:6)
  2 worms
  6 dart slugs
  21 orcs
  3 ball pythons
  7 bats
  8 endoplasms
  A giant cockroach (D:1)
  17 goblins
  13 hobgoblins
  13 jackals
  4 quokkas
  5 frilled lizards
  36 kobolds
  4 rats
606 creatures vanquished.

Vanquished Creatures (collateral kills)
  A death yak (IceCv)
  A black mamba (Lair:4)
  A polar bear (Lair:4)
  A basilisk (Lair:4)
  22 foxfires
26 creatures vanquished.

Vanquished Creatures (others)
  1352 foxfires
1352 creatures vanquished.

Grand Total: 1984 creatures vanquished

Notes
Turn   | Place    | Note
-------+----------+-------------------------------------------
     0 | D:1      | Conn the Octopode Fire Elementalist began the quest for the
                  | Orb.
     0 | D:1      | Reached XP level 1. HP: 11/11 MP: 3/3
   154 | D:1      | Reached XP level 2. HP: 17/17 MP: 0/5
   289 | D:1      | Learned a level 2 spell: Scorch
   604 | D:1      | Reached XP level 3. HP: 19/21 MP: 6/6
  1069 | D:2      | Learned a level 3 spell: Inner Flame
  1100 | D:2      | Noticed Robin
  1102 | D:2      | Noticed Natasha
  1114 | D:2      | Reached XP level 4. HP: 7/27 MP: 4/7
  1116 | D:2      | Killed Robin
  1121 | D:2      | Killed Natasha
  1531 | D:2      | Noticed Natasha
  1539 | D:2      | Killed Natasha
  1540 | D:2      | Reached XP level 5. HP: 29/31 MP: 7/9
  1663 | D:2      | Found a runed translucent door.
  1664 | D:2      | Noticed Crazy Yiuf
  1836 | D:2      | Noticed Natasha
  1838 | D:2      | Killed Natasha
  2061 | D:2      | Killed Crazy Yiuf
  2158 | D:2      | Learned a level 4 spell: Flame Wave
  2186 | D:3      | Identified the "Zacec"
  2586 | D:3      | Found a hide-covered altar of Uskayaw.
  2869 | D:4      | Reached skill level 3 in Dodging
  2935 | D:4      | Reached XP level 6. HP: 25/36 MP: 7/11
  3057 | D:4      | Found a transporter.
  3057 | D:4      | Found Qekenee's Book Shoppe.
  3207 | D:4      | Found a snail-covered altar of Cheibriados.
  3272 | D:4      | Reached XP level 7. HP: 41/41 MP: 9/12
  3301 | D:4      | Found a transporter.
  3500 | D:4      | Reached skill level 5 in Stealth
  3672 | D:5      | Entered Level 5 of the Dungeon
  3780 | D:5      | Reached skill level 1 in Hexes
  4197 | D:5      | Reached XP level 8. HP: 19/46 MP: 5/14
  4255 | D:5      | Reached skill level 4 in Dodging
  4706 | D:6      | Found an iron altar of Okawaru.
  4713 | D:6      | Reached skill level 5 in Spellcasting
  4713 | D:6      | Reached skill level 5 in Conjurations
  4852 | D:6      | Reached skill level 5 in Dodging
  4852 | D:6      | Reached XP level 9. HP: 51/51 MP: 4/17
  4857 | D:6      | Learned a level 4 spell: Sticky Flame
  4942 | D:6      | Found a staircase to the Ecumenical Temple.
  4952 | Temple   | Entered the Ecumenical Temple
  4960 | Temple   | Became a worshipper of Sif Muna the Loreminder
  5261 | D:6      | Reached skill level 5 in Fire Magic
  5673 | D:7      | Found a stormy altar of Qazlal.
  5735 | D:7      | You fall into a shaft and drop 1 floor!
  6030 | D:8      | Reached skill level 6 in Dodging
  6077 | D:8      | Identified the +7 sling of Anxiety {flame, Dex+4}
  6172 | D:7      | Found a hazy altar of Hepliaklqana.
  6328 | D:7      | Found an ornate altar of the Wu Jian Council.
  6417 | D:7      | Reached skill level 5 in Hexes
  6566 | D:8      | Reached * piety under Sif Muna
  6572 | D:8      | Reached XP level 10. HP: 56/56 MP: 9/19
  6575 | D:8      | Reached skill level 1 in Invocations
  7076 | D:9      | Reached skill level 7 in Dodging
  7296 | D:8      | Learned a level 5 spell: Irradiate
  7333 | D:9      | Reached ** piety under Sif Muna
  7347 | D:9      | Found a staircase to the Lair.
  7537 | D:9      | Noticed njkz123's ghost (journeyman OgMo)
  7544 | D:9      | Found a runed translucent door.
  7695 | D:9      | Reached skill level 1 in Transmutations
  7699 | D:9      | Reached skill level 8 in Dodging
  8257 | D:4      | Bought a book of Blasting for 364 gold pieces
  8262 | D:4      | Learned a level 4 spell: Iskenderun's Mystic Blast
  8444 | D:9      | Killed njkz123's ghost
  8445 | D:9      | Reached skill level 1 in Translocations
  8445 | D:9      | Reached XP level 11. HP: 43/61 MP: 10/22
  8540 | D:10     | Entered Level 10 of the Dungeon
  8744 | D:10     | Noticed a two-headed ogre
  8816 | D:10     | Killed a two-headed ogre
  8817 | D:10     | Reached skill level 9 in Dodging
  8917 | D:10     | Noticed a two-headed ogre
  8925 | D:10     | Killed a two-headed ogre
  8971 | D:10     | Found a staircase to the Orcish Mines.
  8980 | D:10     | Noticed Josephine
  8983 | D:10     | Reached skill level 5 in Invocations
  8996 | D:10     | Killed Josephine
  9162 | D:10     | Reached *** piety under Sif Muna
  9318 | D:10     | Noticed Fannar
  9823 | D:10     | Killed Fannar
  9824 | D:10     | Reached XP level 12. HP: 38/66 MP: 10/24
  9917 | D:10     | Found Jacie's Assorted Antiques.
 10095 | D:10     | Gained mutation: You have a pair of small antennae on your
                  | head. [potion of mutation]
 10095 | D:10     | Lost mutation: You have a pair of small antennae on your
                  | head. [potion of mutation]
 10140 | D:11     | Reached skill level 10 in Dodging
 10158 | D:11     | Identified the amulet "Juokakat" {rN++ Regen+ MP+9 Int-5
                  | SInv}
 10332 | D:11     | Noticed a boulder beetle
 10346 | D:11     | Learned a level 4 spell: Summon Lightning Spire
 10354 | D:11     | Killed a boulder beetle
 10370 | D:11     | Reached skill level 1 in Summonings
 10455 | D:11     | Reached skill level 1 in Air Magic
 10500 | D:11     | Found Tenuus's Magic Scroll Emporium.
 10508 | D:11     | Bought a scroll of fear for 56 gold pieces
 11085 | D:12     | Noticed Urug
 11090 | D:12     | Noticed Lodul
 11091 | D:12     | Killed Urug
 11096 | D:12     | Killed Lodul
 11105 | D:12     | Reached skill level 5 in Transmutations
 11334 | D:12     | Reached **** piety under Sif Muna
 11517 | D:12     | Noticed Maurice
 11574 | D:12     | Killed Maurice
 12339 | D:12     | Reached skill level 11 in Dodging
 12339 | D:12     | Reached skill level 5 in Translocations
 12609 | Lair:1   | Entered Level 1 of the Lair of Beasts
 12698 | Lair:1   | Reached XP level 13. HP: 67/71 MP: 18/25
 12757 | Lair:1   | Reached skill level 10 in Stealth
 12968 | Lair:1   | You fall into a shaft and drop 1 floor!
 13224 | Lair:1   | Reached ***** piety under Sif Muna
 13943 | Lair:2   | Found a hole to the Spider Nest.
 14164 | Lair:2   | Reached skill level 12 in Dodging
 14803 | Lair:2   | Reached skill level 1 in Shields
 14880 | Lair:2   | Found a staircase to the Shoals.
 15174 | Lair:3   | Found a frozen archway.
 15184 | IceCv    | Entered an ice cave
 15210 | IceCv    | Identified the of Cani (Sif Muna gifted it to you in an
                  | ice cave)
 15210 | IceCv    | Received a gift from Sif Muna
 15638 | IceCv    | Reached skill level 5 in Summonings
 15638 | IceCv    | Reached skill level 5 in Air Magic
 15640 | IceCv    | Reached XP level 14. HP: 70/76 MP: 8/27
 15644 | IceCv    | Reached skill level 10 in Conjurations
 15714 | IceCv    | Identified the ring of the Past {Wiz *Corrode rPois rN+
                  | Str+4}
 15762 | IceCv    | Learned a level 2 spell: Blink
 16764 | IceCv    | Identified the amulet of Sulokel {rPois rN++ Regen+}
 16807 | Lair:3   | Reached skill level 5 in Shields
 16814 | Lair:3   | Reached skill level 10 in Spellcasting
 16998 | Lair:3   | Reached skill level 13 in Dodging
 17009 | Lair:3   | Found a white marble altar of Elyvilon.
 17033 | Lair:3   | Found a runed translucent gate.
 17033 | Lair:3   | Found a runed translucent gate.
 17035 | Lair:3   | Noticed Tyvach's ghost (journeyman FoFi)
 17037 | Lair:3   | Found a runed translucent gate.
 17079 | Lair:3   | Killed Tyvach's ghost
 17079 | Lair:3   | Identified the of Rephir (Sif Muna gifted it to you on
                  | level 3 of the Lair of Beasts)
 17079 | Lair:3   | Received a gift from Sif Muna
 18664 | Lair:4   | Learned a level 3 spell: Hailstorm
 18825 | Lair:4   | Reached skill level 1 in Staves
 18825 | Lair:4   | Reached XP level 15. HP: 39/81 MP: 2/29
 19017 | Lair:4   | Reached skill level 1 in Fighting
 19170 | Lair:4   | Found a shadowy altar of Dithmenos.
 19272 | Lair:4   | Reached skill level 10 in Invocations
 19369 | Lair:4   | Found a viscous altar of Jiyva.
 19373 | Lair:4   | Found a staircase to the Slime Pits.
 19621 | Lair:5   | Entered Level 5 of the Lair of Beasts
 20126 | Lair:5   | Paralysed by a hornet for 3 turns
 20127 | Lair:5   | Slain by a polar bear

Illustrated notes

Levels and vault maps discovered:
D:1:      dpeg_arrival_castle, layout_basic
D:2:      layout_basic, uniq_crazy_yiuf_cottage, uniq_natasha, uniq_robin
D:3:      layout_basic, lemuel_doored_altar
D:4:      layout_rooms, mainiacjoe_overflow_alcove_1, serial_shops,
          nicolae_shop_drivethru, grunt_ministairs_4, minmay_misc_feat_diagonals
D:5:      layout_loops_cross, eino_small_chamber_without_monster,
          minmay_manual_mail
D:6:      kennysheep_steamy, layout_rooms, okawaru_trees_2, temple_pool_b
D:7:      layout_loops_ring, mainiacjoe_overflow_paths,
          nicolae_hepliaklqana_hippocampus, general_overflow_altar,
          skrybe_limestone_x
D:8:      layout_gridville, serial_glass, glass_columns_b, glass_columns_a
D:9:      layout_loops_ring, erik_lair_island, hellmonk_ghost_big_iron
D:10:     layout_loops_ring, minmay_orc_entry_guard_dogs, serial_shops, shop,
          uniq_josephine, uniq_fannar
D:11:     layout_cave_pods, serial_shops, shop
D:12:     layout_basic, serial_co_window_serial, co_window_paths_a,
          co_window_of_opportunity_a, co_window_corner_a,
          co_window_of_opportunity_a, co_window_paths_a, co_window_corner_a,
          co_window_paths_a, co_window_of_opportunity_a, co_window_paths_b,
          co_window_of_opportunity_c, co_window_broadway_b, co_window_corner_b,
          co_window_unsneaky_path_d, co_window_corner_cb, co_window_2corner,
          glass_columns_a, glass_columns_a, minmay_checkerbox, uniq_lodul,
          uniq_maurice, uniq_urug
Temple:   nicolae_temple_x_marks_the_god
Lair:1:   layout_cellular_growth, serial_bayou_shore_a, lemuel_fruit_tree
Lair:2:   regret_index_bee_streams, layout_chaotic_city,
          elwin_shoals_entry_rooms, spider_nest_entry_funnel_web,
          chequers_serial_rivers_large_a
Lair:3:   wad_woods_stonehenge, layout_chaotic_city, gammafunk_ghost_necromancy,
          portal_ice_cave_entry_pillars_2, chequers_serial_rivers_small_b,
          st_stairs_4
Lair:4:   layout_concentric_octagons, slime_entry_2, basic_altar,
          beast_lair_carwin_10, infiniplex_staircase_pool
Lair:5:   gammafunk_lair_ancient_temple, layout_long_grid, patterned_corridor

Skill      XL: |  1  2  3  4  5  6  7  8  9 10 11 12 13 14 15 |
---------------+----------------------------------------------+-----
Stealth        | 3 4 5 6 7 8 9 10 | 10.0
Conjurations   | 2 3 4 5 6 7 8 9 10 | 10.7
Spellcasting   | 3 4 5 6 7 8 9 10 | 10.9
Dodging        | 3 5 6 8 9 11 12 13 | 13.0
Fire Magic     | 4 5 6 7 8 |  8.9
Hexes          | 1 3 5 |  5.0
Invocations    | 4 5 6 8 9 10 | 10.4
Transmutations | 2 4 5 |  5.0
Translocations | 1 3 5 |  5.0
Summonings     | 3 5 6 |  6.0
Air Magic      | 3 5 6 |  6.1
Shields        | 3 7 8 |  8.5
Staves         | 1 4 |  4.3
Fighting       | 2 |  2.9

Action                     |  1- 3 |  4- 6 |  7- 9 | 10-12 | 13-15 || total
---------------------------+-------+-------+-------+-------+-------++-------
  Melee: Unarmed           |    16 |       |       |       |       ||    16
         Constrict         |     9 |     8 |     6 |     6 |    12 ||    41
         Tentacles         |     7 |     4 |     7 |     7 |    19 ||    44
         Dagger            |     9 |    24 |    28 |    17 |       ||    78
         Punch             |       |       |     1 |       |       ||     1
         Staff             |       |       |       |     5 |    52 ||    57
  Throw: Dart              |       |       |       |     2 |     6 ||     8
   Cast: Foxfire           |    47 |    75 |   137 |   198 |   331 ||   788
         Scorch            |     1 |    18 |    38 |    89 |   210 ||   356
         Inner Flame       |       |     3 |    10 |    41 |    58 ||   112
         Flame Wave        |       |       |     3 |    35 |    83 ||   121
         Sticky Flame      |       |       |       |     4 |       ||     4
         Iskenderun's Myst |       |       |       |     7 |    34 ||    41
         Summon Lightning  |       |       |       |       |    19 ||    19
         Blink             |       |       |       |       |    11 ||    11
         Irradiate         |       |       |       |       |     3 ||     3
         Hailstorm         |       |       |       |       |     1 ||     1
 Invoke: Channel Magic     |       |       |       |     1 |     5 ||     6
  Evoke: Phantom mirror    |       |       |       |       |     1 ||     1
         Wand              |       |       |       |       |     1 ||     1
         Lightning rod     |       |       |       |       |     1 ||     1
    Use: Potion            |     1 |       |       |     7 |     6 ||    14
         Scroll            |       |       |       |    12 |     6 ||    18
   Stab: Sleeping          |     5 |     6 |     7 |     3 |       ||    21
 Armour: Skin              |    13 |    11 |    22 |    52 |   114 ||   212
  Dodge: Dodged            |    17 |    23 |    41 |   159 |   269 ||   509
  Block: Kite shield       |       |       |       |       |    91 ||    91

Table legend: (Time is in decaauts)
 A = Elapsed time spent in this place.
 B = Non-inter-level travel time spent in this place.
 C = Inter-level travel time spent in this place.
 D = Time resting spent in this place.
 E = Time spent auto-exploring this place.
 F = Levels seen in this place.
 G = Mean time per level.
                   A        B        C        D        E       F      G
               +--------+--------+--------+--------+--------+-----+--------+
         Total |  20141 |  19375 |    766 |    597 |  13251 |  19 | 1060.1 |
       Dungeon |  12595 |  11960 |    635 |    524 |   8277 |  12 | 1049.6 |
        Temple |     16 |     16 |      0 |      0 |      0 |   1 |   16.0 |
          Lair |   5931 |   5800 |    131 |     63 |   3909 |   5 | 1186.2 |
      Ice Cave |   1598 |   1598 |      0 |     10 |   1065 |   1 | 1598.0 |
               +--------+--------+--------+--------+--------+-----+--------+

Top non-repeatable levels by time:
  Lair:3: 1929 daAuts
   IceCv: 1598 daAuts
     D:9: 1556 daAuts
  Lair:2: 1485 daAuts
    D:12: 1403 daAuts
     D:2: 1231 daAuts
  Lair:4: 1142 daAuts
    D:10: 1114 daAuts
     D:8: 1093 daAuts
    D:11: 1063 daAuts
  Lair:1: 1041 daAuts
     D:4: 966 daAuts
     D:1: 952 daAuts
     D:5: 949 daAuts
     D:7: 895 daAuts
